 Dungeon Crawl Stone Soup version 0.31.0-12-g77e489cdc1 (webtiles) character file.

Game seed: 3565191904784202407

87 Gadfly the Shooter (level 4, -2/27 HPs)
             Began as a Kobold Hunter on Feb 14, 2024.
             Killed from afar by an orc wizard (10 damage)
             ... with a magic dart
             ... on level 3 of the Dungeon.
             The game lasted 00:02:20 (1868 turns).

Gadfly the Shooter (Kobold Hunter)                  Turns: 1868, Time: 00:02:20

Health: -2/27      AC:  3    Str:  8    XL:     4   Next: 80%
Magic:  5/5        EV: 15    Int: 10    God:
Gold:   91         SH:  0    Dex: 20    Spells: 3/3 levels left

rFire   . . .        a - +2 orcbow (drain)
rCold   . . .        (shield currently unavailable)
rNeg    . . .        c - +0 leather armour
rPois   .            (no helmet)
rElec   .            (no cloak)
rCorr   .            (no gloves)
SInv    .            (no boots)
Will    .....        i - amulet of faith
Stlth   +++          (no ring)
HPRegen 0.24/turn    (no ring)
MPRegen 0.09/turn

%: faith
@: no status effects
A: small, no large weapons, nightstalker 3
a: no special abilities


You were on level 3 of the Dungeon.
You visited 1 branch of the dungeon, and saw 3 of its levels.

You collected 91 gold pieces.

Inventory:

Hand Weapons
 a - a +2 orcbow of draining (weapon)
 f - a +0 shortbow
Armour
 c - a +0 leather armour (worn)
Jewellery
 i - an amulet of faith (around neck)
Scrolls
 b - a scroll of butterflies
 e - a scroll of fear
Potions
 d - a potion of berserk rage
 g - a potion of haste {unknown}


   Skills:
 + Level 2.6 Fighting
 + Level 5.7 Ranged Weapons
 + Level 3.0 Dodging
 - Level 1.3 Stealth
 * Level 2.2 Invocations
 * Level 2.3 Evocations


You had 3 spell levels left.
You didn't know any spells.
Your spell library contained the following spells:

 Spells                   Type           Power      Damage    Failure   Level
 Leda's Liquefaction      Alch/Erth      0%         N/A       99%         4
 Lee's Rapid Deconstruct  Erth           0%         3d4*      100%        5
 Bombard                  Conj/Erth      0%         9d1       100%        6


Dungeon Overview and Level Annotations

Branches:
Dungeon (3/15)

Altars:


Innate Abilities, Weirdness & Mutations

You are small and have problems with some larger weapons.
You are completely attuned to the shadows.


Message History

The orc is heavily wounded.
You shoot an arrow. The arrow barely misses the orc.
The orc hits you with a +0 flail.
You shoot an arrow. The arrow barely misses the orc wizard.
The orc wizard casts a spell.
The orc wizard flickers and vanishes!
Deactivating autopickup; reactivate with Ctrl-A.
The orc closely misses you.
You shoot an arrow. The arrow barely misses the orc.
Something hits you but does no damage. The orc barely misses you.
You shoot an arrow. The arrow barely misses the orc.
The orc hits you with a +0 flail.
You hear some strange, mumbled words.
A magic dart appears from out of thin air!
The magic dart hits you. The orc hits you but does no damage.
You shoot an arrow.
The arrow hits the orc but does no damage.
You drain the orc.
The orc is almost dead.
The orc closely misses you.
You hear some strange, mumbled words.
Something tries to affect you, but you resist.
The orc closely misses you. The orc barely misses you.
The orc hits you with a +0 dagger. Something hits you.
You are too injured to fight recklessly!
You are too injured to fight recklessly!
You are too injured to fight recklessly!
You are too injured to fight recklessly!
You shoot an arrow. The arrow hits the orc!
You kill the orc!
You shoot an arrow. The arrow hits the orc!
You kill the orc!
Something hits you.
You shoot an arrow. Something completely misses you.
You shoot an arrow. Something hits you.
* * * LOW HITPOINT WARNING * * *
You hear some strange, mumbled words.
A magic dart appears from out of thin air!
The magic dart hits you!
You die...

........#
........#
!†......
....).#
..##{#####
....@.....
..........
#..........
...........
...........
...........
...##...#
##.#<...# #
####.#


There were no monsters in sight!

Vanquished Creatures
  3 adders (D:2)
  A ribbon worm (D:2)
  A dart slug (D:1)
  2 orcs (D:3)
  2 endoplasms (D:1)
  3 giant cockroaches
  3 goblins
  6 hobgoblins
  3 jackals (D:1)
  5 kobolds
  2 quokkas
  A ball python (D:1)
  6 bats
  4 frilled lizards
  8 rats
50 creatures vanquished.

Notes
Turn   | Place    | Note
-------+----------+-------------------------------------------
     0 | D:1      | Gadfly the Kobold Hunter began the quest for the Orb.
     0 | D:1      | Reached XP level 1. HP: 12/12 MP: 1/1
   113 | D:1      | Reached XP level 2. HP: 14/17 MP: 2/2
   135 | D:1      | Reached skill level 1 in Evocations
   231 | D:1      | Reached skill level 1 in Invocations
   340 | D:1      | Reached XP level 3. HP: 17/22 MP: 2/4
   830 | D:1      | Identified a scroll of acquirement
   830 | D:1      | Acquired a +2 orcbow of flaming
   953 | D:2      | Reached XP level 4. HP: 27/27 MP: 5/5
  1868 | D:3      | Killed from afar by an orc wizard

Illustrated notes

Levels and vault maps discovered:
D:1:      elethiomel_arrival_shortcut, layout_basic, serial_bayou_lake_a
D:2:      layout_basic, minmay_box_of_dots
D:3:      cheibrodos_fertilizer, layout_basic,
          grunt_temple_overflow_order_and_chaos_1,
          eat_drink_and_be_merry_uskayaw, dk_yredelemnul_ordeal,
          mainiacjoe_overflow_alcove_2, gammafunk_temple_overflow_claw,
          hellmonk_ecumenical_altar_zigzags, nrook_mini_backslash

Skill      XL: |  1  2  3  4 |
---------------+-------------+-----
Evocations     | 1 2 |  2.3
Invocations    | 1 2 |  2.2
Dodging        | 3 |  3.0
Fighting       | |  2.6
Ranged Weapons | |  5.7
Stealth        | |  1.3

Action                     |  1- 3 |  4- 6 || total
---------------------------+-------+-------++-------
   Fire: Shortbow          |    59 |       ||    59
         Orcbow            |     8 |    36 ||    44
    Use: Scroll            |     4 |     2 ||     6
 Armour: Leather armour    |    15 |    10 ||    25
  Dodge: Dodged            |    19 |     8 ||    27
